 Dungeon Crawl Stone Soup version 0.26.0-20-g3ca415f5b8 (webtiles) character file.

Game seed: 12606056193864765531

12 bugeyedmonster the Caller (level 2, 0/15 HPs)
             Began as a Tengu Summoner on Jan 26, 2021.
             Slain by an iguana (9 damage)
             ... on level 4 of the Dungeon.
             The game lasted 00:04:42 (839 turns).

bugeyedmonster the Caller (Tengu Summoner)           Turns: 839, Time: 00:04:42

Health: 0/15       AC:  2    Str:  8    XL:     2   Next: 33%
Magic:  6/6        EV: 12    Int: 15    God:
Gold:   34         SH:  0    Dex: 14    Spells: 4/5 levels left

rFire    . . .     SeeInvis .   b - +0 dagger
rCold    . . .     Faith    .   (no shield)
rNeg     . . .     Spirit   .   a - +0 robe
rPois    .         Reflect  .   (helmet restricted)
rElec    .         Harm     .   (no cloak)
rCorr    .         Rampage  .   (no gloves)
Will     .....                  (boots unavailable)
Stlth    ++........             (no amulet)
HPRegen  0.05/turn              (no ring)
MPRegen  0.10/turn              (no ring)

@: no status effects
A: beak, talons 3
a: no special abilities


You were on level 4 of the Dungeon.
You visited 1 branch of the dungeon, and saw 3 of its levels.

You collected 34 gold pieces.

Inventory:

Hand Weapons
 b - a +0 dagger (weapon)
Armour
 a - a +0 robe (worn)


   Skills:
 + Level 0.2 Short Blades
 + Level 2.1 Dodging
 + Level 2.0 Stealth
 + Level 0.2 Unarmed Combat
 + Level 2.1 Spellcasting
 + Level 5.3 Summonings


You had 4 spell levels left.
You knew the following spells:

 Your Spells              Type           Power        Failure   Level
a - Summon Small Mammal   Summ           68%          2%          1

Your spell library contained the following spells:

 Spells                   Type           Power        Failure   Level
 Call Imp                 Summ           17%          3%          2
 Call Canine Familiar     Summ           17%          8%          3
 Summon Guardian Golem    Hex/Summ       9%           22%         3
 Summon Ice Beast         Ice/Summ       9%           58%         4
 Summon Lightning Spire   Summ/Air       9%           58%         4


Dungeon Overview and Level Annotations

Branches:
Dungeon (2/15)

Altars:


Innate Abilities, Weirdness & Mutations

You have a beak for a mouth.
You have claws for feet.


Message History

Found 16 stones.
Found a club.
Casting: Summon Small Mammal (safe; 2% risk of failure)
Confirm with . or Enter, or press ? or * to list all spells.
You see here a club.
An iguana comes into view.
You hit the iguana but do no damage. Your kick misses the iguana.
The iguana bites you.
You barely miss the iguana. The iguana bites you.
Your rat barely misses the iguana.
You barely miss the iguana. The iguana barely misses you.
Your rat bites the iguana but does no damage.
You hit the iguana but do no damage. Your kick misses the iguana.
Your peck misses the iguana. The iguana closely misses you.
Your rat bites the iguana but does no damage.
You closely miss the iguana. You claw the iguana.
The iguana is lightly wounded.
The iguana bites you!
Ouch! That really hurt!
You die...

##...## #.....#
#............. ......#
............. ..(...#
###............ ......#
##..............
#.....###...............
#......#................
#...............r.......
##.........)....@l......
#......................
........................
........................
........................
........................
........................
........##..............


You could see an iguana and a friendly rat (summoned).

Vanquished Creatures
  A bat (D:1)
  3 giant cockroaches (D:1)
  2 kobolds (D:1)
  2 frilled lizards (D:1)
  A rat (D:1)
9 creatures vanquished.

Vanquished Creatures (collateral kills)
  A bat (D:1)
  A giant cockroach (D:1)
  A hobgoblin (D:1)
  A rat (D:1)
4 creatures vanquished.

Grand Total: 13 creatures vanquished

Notes
Turn   | Place    | Note
-------+----------+-------------------------------------------
     0 | D:1      | bugeyedmonster the Tengu Summoner began the quest for the
                  | Orb.
     0 | D:1      | Reached XP level 1. HP: 10/10 MP: 4/4
   180 | D:1      | Reached skill level 5 in Summonings
   413 | D:1      | Reached XP level 2. HP: 8/15 MP: 4/6
   814 | D:2      | You fall into a shaft and drop 2 floors!
   839 | D:4      | Slain by an iguana

Illustrated notes

Levels and vault maps discovered:
D:1:      denvon_arrival_planthouse, layout_basic
D:2:      layout_basic, lemuel_doored_altar,
          nicolae_gozag_cash_rules_everything_around_me
D:4:      layout_layer_cave, lemuel_coloured_pillars_altar, serial_bayou_pond_e,
          uniq_pikel

Skill      XL: |  1 |
---------------+----+-----
Summonings     | 5 |  5.3
Short Blades   | |  0.2
Dodging        | |  2.1
Stealth        | |  2.0
Unarmed Combat | |  0.2
Spellcasting   | |  2.1

Action                   || total
-------------------------++-------
Melee: Unarmed           ||    10
       Dagger            ||    35
       Kick              ||     7
       Peck              ||     6
 Cast: Summon Small Mamm ||     8
 Stab: Distracted        ||     1
Armor: Robe              ||    14
Dodge: Dodged            ||    56
